 Dungeon Crawl Stone Soup version 0.30-a0-937-ga0a21ad780 (webtiles) character file.

Game seed: 12471468467842645457

715 dolemite99 the Cleaver (level 7, 0/57 HPs)
             Began as a Minotaur Fighter on Mar 24, 2023.
             Slain by a two-headed ogre
             ... wielding a +0 giant spiked club
              (7 damage)
             ... on level 5 of the Dungeon.
             The game lasted 00:03:49 (4300 turns).

dolemite99 the Cleaver (Minotaur Fighter)           Turns: 4300, Time: 00:03:49

Health: 0/57       AC: 13    Str: 23    XL:     7   Next: 41%
Magic:  6/6        EV:  6    Int:  5    God:
Gold:   73         SH:  4    Dex:  9    Spells: 6/6 levels left

rFire   . . .      SeeInvis .    a - +0 war axe (flame)
rCold   . . .      Faith    .    c - +0 buckler
rNeg    . . .      Spirit   .    e - +0 plate armour
rPois   .          Reflect  .    (helmet restricted)
rElec   .          Rampage  .    (no cloak)
rCorr   .                        w - +1 pair of gloves
Will    .....                    (no boots) Stlth
                                 (no amulet)
HPRegen 0.29/turn                (no ring)
MPRegen 0.10/turn                (no ring)

@: mighty
A: horns 2, retaliatory headbutt
a: no special abilities


You were on level 5 of the Dungeon.
You visited 1 branch of the dungeon, and saw 5 of its levels.

You collected 101 gold pieces.
You spent 28 gold pieces at shops.

Inventory:

Hand Weapons
 a - a +0 war axe of flaming (weapon)
Missiles
 n - 2 throwing nets (quivered)
Armour
 c - a +0 buckler (worn)
 e - a +0 plate armour (worn)
 w - a +1 pair of gloves (worn)
Jewellery
 p - a ring of wizardry
Wands
 x - a wand of charming (13)
Scrolls
 f - 2 scrolls of poison
 m - a scroll of teleportation
 s - a scroll of fear
 u - a scroll of immolation
Potions
 d - a potion of might
 h - 2 potions of brilliance
 i - 2 potions of flight
 j - 3 potions of heal wounds
 k - 4 potions of resistance
 l - a potion of magic {unknown}
 o - a potion of invisibility {unknown}
 q - 2 potions of mutation {unknown}
 r - a potion of attraction {unknown}
 t - a potion of curing {unknown}
 v - 2 potions of lignification {unknown}


   Skills:
 - Level 3.6 Fighting
 + Level 10.1 Axes
 - Level 3.6 Armour
 - Level 3.6 Shields


You had 6 spell levels left.
You didn't know any spells.
Your spell library contained the following spells:

 Spells                   Type           Power      Damage    Failure   Level
 Foxfire                  Conj/Fire      0%         2x1d4     100%        1
 Magic Dart               Conj           0%         1d3       100%        1
 Sandblast                Erth           0%         2d4       100%        1
 Passwall                 Tmut/Erth      0%         N/A       100%        2
 Dazzling Flash           Conj/Hex       0%         N/A       100%        3
 Gell's Gravitas          Tloc           0%         N/A       100%        3
 Stone Arrow              Conj/Erth      0%         3d7       100%        3
 Teleport Other           Tloc           0%         N/A       100%        3
 Sticky Flame             Conj/Fire      0%         2d3       100%        4
 Fireball                 Conj/Fire      0%         3d3       100%        5
 Dispersal                Tloc           0%         N/A       100%        6


Dungeon Overview and Level Annotations

Branches:
Dungeon (5/15)
 Temple: D:4-7

Altars:
Wu Jian

Shops:
D:2 ?   D:3 [

Annotations:
D:4 exclusion: downstairs


Innate Abilities, Weirdness & Mutations

You have a pair of horns on your head.
You reflexively headbutt those who attack you in melee.


Message History

You start resting.
A two-headed ogre is nearby!
A two-headed ogre is nearby!
The two-headed ogre shouts in stereo!
You hear a shout!
Things that are here:
a +0 club; a +0 shortbow; a centaur skeleton
There is a stone staircase leading up, spattered with blood here.
You climb upwards.
Level annotation: exclusion: downstairs
There is a stone staircase leading down here.
HP restored.
There is a stone staircase leading down here.
Okay, then.
As you read the scroll of identify {@r1}, it crumbles to dust.
h - 2 potions of brilliance
Okay, then.
There is a stone staircase leading down here.
You climb downwards.
You hear the hiss of flowing sand.
There is an entrance to an ossuary on this level.
Hurry and find it before the portal is buried!
The hiss of flowing sand is almost imperceptible now.
The two-headed ogre closely misses you. You furiously retaliate!
You headbutt the two-headed ogre! The two-headed ogre barely misses you.
There is a stone staircase leading up, spattered with blood here.
You feel very mighty all of a sudden.
The two-headed ogre hits you with a +0 giant spiked club!
The two-headed ogre hits you with a +0 giant club!
You hit the two-headed ogre. You burn the two-headed ogre.
The two-headed ogre is moderately wounded.
You slash the two-headed ogre! You burn the two-headed ogre.
The two-headed ogre is heavily wounded.
You block the two-headed ogre's attack.
The two-headed ogre hits you with a +0 giant club!
You slash the two-headed ogre! You burn the two-headed ogre.
You headbutt the two-headed ogre.
The two-headed ogre is almost dead.
The two-headed ogre hits you with a +0 giant spiked club!
* * * LOW HITPOINT WARNING * * *
The two-headed ogre hits you with a +0 giant club!
You die...

.... ...
#.#.#############+#.#
#.........##........#
.......<..##........####.#
..g...<..................#
##........#.........##...
#........#..........#
#.......O#.#####.##.#
............# #O@)# .#
#################)## #
.........# ####.##### ..
#. #


You could see a two-headed ogre.

Vanquished Creatures
  An ogre (D:5)
  A black bear (D:4)
  A centaur (D:5)
  A phantom (D:5)
  2 scorpions (D:4)
  A howler monkey (D:4)
  2 iguanas (D:4)
  A gnoll (D:5)
  8 adders
  2 ufetubi
  A worm (D:2)
  3 dart slugs
  An orc (D:3)
  5 bats
  6 endoplasms
  5 giant cockroaches
  4 goblins
  8 hobgoblins
  2 jackals (D:4)
  A quokka (D:1)
  11 ball pythons
  A frilled lizard (D:2)
  8 kobolds
  6 rats
82 creatures vanquished.

Vanquished Creatures (others)
  4 plants (D:3)
4 creatures vanquished.

Grand Total: 86 creatures vanquished

Notes
Turn   | Place    | Note
-------+----------+-------------------------------------------
     0 | D:1      | dolemite99 the Minotaur Fighter began the quest for the
                  | Orb.
     0 | D:1      | Reached XP level 1. HP: 19/19 MP: 0/0
    98 | D:1      | Reached skill level 3 in Axes
   134 | D:1      | Reached XP level 2. HP: 22/26 MP: 1/1
   234 | D:1      | Reached skill level 4 in Axes
   670 | D:2      | Reached XP level 3. HP: 31/31 MP: 2/2
   909 | D:2      | Found Kakhoshe's Magic Scroll Shop.
   925 | D:2      | Bought a scroll of identify for 28 gold pieces
   998 | D:2      | Reached skill level 5 in Axes
  1381 | D:3      | Reached XP level 4. HP: 39/39 MP: 3/3
  1391 | D:3      | Got the Enchiridion on Concussion
  1470 | D:3      | Found a faded altar of an unknown god.
  1488 | D:3      | Found Ciluts's Armour Shoppe.
  2637 | D:4      | Reached skill level 6 in Axes
  2723 | D:4      | Found an ornate altar of the Wu Jian Council.
  2750 | D:4      | Noticed a scorpion
  2755 | D:4      | Killed a scorpion
  2756 | D:4      | Reached XP level 5. HP: 45/45 MP: 4/4
  2807 | D:4      | Reached skill level 7 in Axes
  2884 | D:4      | Reached XP level 6. HP: 51/51 MP: 5/5
  2991 | D:4      | Reached skill level 8 in Axes
  3508 | D:5      | Entered Level 5 of the Dungeon
  3512 | D:5      | Noticed a two-headed ogre
  3861 | D:5      | Reached skill level 9 in Axes
  3861 | D:5      | Reached XP level 7. HP: 57/57 MP: 6/6
  4205 | D:5      | Reached skill level 10 in Axes
  4300 | D:5      | Slain by a two-headed ogre

Illustrated notes

Levels and vault maps discovered:
D:1:      psy_arrival_basics, layout_basic, st_stairs_12
D:2:      layout_loops_ring, serial_shops, shop_scrolls
D:3:      layout_basic, serial_shops, shop,
          hellmonk_ecumenical_altar_inner_sanctum, serial_bayou_pond_c
D:4:      layout_basic, kennysheep_little_box
D:5:      minmay_recursive_quarters, layout_basic,
          nicolae_ossuary_entry_catacombs, minmay_chambers_of_fives

Skill      XL: |  1  2  3  4  5  6  7 |
---------------+----------------------+-----
Axes           | 3 4 5 6 7 9 10 | 10.1
Fighting       | |  3.6
Armour         | |  3.6
Shields        | |  3.6

Action                     |  1- 3 |  4- 6 |  7- 9 || total
---------------------------+-------+-------+-------++-------
  Melee: War axe           |    85 |    87 |    11 ||   183
         Headbutt          |    13 |    13 |     2 ||    28
    Use: Scroll            |       |    12 |     1 ||    13
         Potion            |       |       |     1 ||     1
 Armour: Plate armour      |    56 |    72 |     5 ||   133
         Scale mail        |     8 |       |       ||     8
  Dodge: Dodged            |    22 |    32 |    11 ||    65
  Block: Buckler           |    22 |    20 |     4 ||    46

Table legend: (Time is in decaauts)
 A = Elapsed time spent in this place.
 B = Non-inter-level travel time spent in this place.
 C = Inter-level travel time spent in this place.
 D = Time resting spent in this place.
 E = Time spent auto-exploring this place.
 F = Levels seen in this place.
 G = Mean time per level.
                   A        B        C        D        E       F      G
               +--------+--------+--------+--------+--------+-----+--------+
         Total |   4355 |   4164 |    191 |   1253 |   2129 |   5 |  871.0 |
       Dungeon |   4355 |   4164 |    191 |   1253 |   2129 |   5 |  871.0 |
               +--------+--------+--------+--------+--------+-----+--------+

Top non-repeatable levels by time:
     D:4: 1547 daAuts
     D:3: 1203 daAuts
     D:2: 733 daAuts
     D:1: 671 daAuts
     D:5: 199 daAuts
